 Dungeon Crawl Stone Soup version 0.31-a0-95-g6fa058ef04 (webtiles) character file.

Game seed: 4355544834292959563

12807 Drazool the Marksant (level 12, -19/70 HPs)
             Began as a Formicid Hunter on May 25, 2023.
             Was a Believer of Hepliaklqana.
             Demolished by a minotaur
             ... wielding a +7 quarterstaff
              (21 damage)
             ... in a Gauntlet.
             The game lasted 00:27:57 (9104 turns).

Drazool the Marksant (Formicid Hunter)              Turns: 9104, Time: 00:27:58

Health: -19/70     AC: 19    Str: 10    XL:     12   Next: 24%
Magic:  10/12      EV: 14    Int: 11    God:    Hepliaklqana [**....]
Gold:   1596       SH:  7    Dex: 26    Spells: 11/11 levels left

rFire   + + .        A - +1 longbow (drain)
rCold   . . .        e - +0 buckler
rNeg    . . .        H - +6 scale mail of Kikubaaqudgha's Envy {rF++ Str-5 Dex+5}
rPois   +            (helmet unavailable)
rElec   .            (no cloak)
rCorr   .            p - +1 pair of gloves
SInv    +            f - +1 pair of boots
Will    +....        M - amulet of regeneration
Stlth   +            E - +5 ring of evasion
HPRegen 1.11/turn    P - ring of poison resistance
MPRegen 0.13/turn

%: no passive effects
@: mighty
A: reduced essence, permanent stasis, dig shafts and tunnels, antennae 3, four
strong arms
a: Dig, Renounce Religion, Recall Ancestor, Ancestor Identity


You were in a Gauntlet.
You worshipped Hepliaklqana.
Hepliaklqana was pleased with you.
You visited 2 branches of the dungeon, and saw 12 of its levels.
You also visited: Gauntlet.

You collected 1596 gold pieces.


Innate Abilities, Weirdness & Mutations

Your life essence is reduced to manifest your ancestor. (-10% HP)
You cannot be hasted, slowed, berserked, paralysed or teleported.
You can dig through walls and to a lower floor.
You have a pair of large antennae on your head. (SInv)
Your four strong arms can wield two-handed weapons with a shield.


   Skills:
 - Level 2.1 Fighting
 + Level 15.9 Ranged Weapons
 - Level 10.4 Armour
 - Level 1.7 Dodging
 - Level 1.2 Stealth
 - Level 5.7 Shields


You had 11 spell levels left.
You didn't know any spells.
Your spell library contained the following spells:

 Spells                   Type           Power      Damage    Failure   Level
 Apportation              Tloc           0%         N/A       92%         1
 Freeze                   Ice            0%         1d3       92%         1
 Shock                    Conj/Air       0%         1d3       92%         1
 Slow                     Hex            0%         N/A       92%         1
 Call Imp                 Summ           0%         N/A       98%         2
 Ensorcelled Hibernation  Hex/Ice        0%         N/A       98%         2
 Passwall                 Tmut/Erth      0%         N/A       98%         2
 Scorch                   Fire           0%         2d5       98%         2
 Confusing Touch          Hex            0%         N/A       100%        3
 Frozen Ramparts          Ice            0%         1d1       100%        3
 Hailstorm                Conj/Ice       0%         3d3       100%        3
 Vampiric Draining        Necr           0%         2d6       100%        3
 Airstrike                Air            0%         2d(0-16)  100%        4
 Flame Wave               Conj/Fire      0%         2d4       100%        4
 Summon Ice Beast         Ice/Summ       0%         N/A       100%        4
 Alistair's Intoxication  Tmut/Pois      0%         N/A       100%        5
 Summon Forest            Summ/Tloc      0%         N/A       100%        5
 Summon Cactus Giant      Summ           0%         N/A       100%        6
 Malign Gateway           Summ/Tloc      0%         N/A       100%        7
 Swiftness                Air            Unusable   N/A       N/A         3

Inventory:

Hand Weapons
 a - a +0 shortbow of electrocution
 b - a +7 vampiric war axe
 A - a +1 longbow of draining (weapon)
Missiles
 g - 5 throwing nets {=f}
 B - 8 curare-tipped darts {=f}
Armour
 c - a +0 leather armour
 e - a +0 buckler (worn)
 f - a +1 pair of boots (worn)
 p - a +1 pair of gloves (worn)
 t - +0 acid dragon scales
 y - the +0 ring mail of Happy Babbling {rElec rC+ Int+5 Stlth+}
   (You found it on level 6 of the Dungeon)

   Int:       It affects your intelligence (+5).
   rC:        It protects you from cold.
   rElec:     It insulates you from electricity.
   Stlth:     It makes you more stealthy.
 H - the +6 scale mail of Kikubaaqudgha's Envy (worn) {rF++ Str-5 Dex+5}
   (You found it on level 8 of the Dungeon)

   Str:       It affects your strength (-5).
   Dex:       It affects your dexterity (+5).
   rF:        It greatly protects you from fire.
 N - a +0 troll leather armour
 O - the +1 scale mail of the Sun {rF++ rN++}
   (You found it on level 10 of the Dungeon)

   rF:        It greatly protects you from fire.
   rN:        It greatly protects you from negative energy.
Magical Staves
 q - a staff of fire {!a}
Jewellery
 E - a +5 ring of evasion (left hand)
 F - a ring of protection from fire
 L - an amulet of magic regeneration
 M - an amulet of regeneration (around neck)
 P - a ring of poison resistance (right hand)
 T - a +4 ring of protection
 W - a ring of willpower
Wands
 k - a wand of roots (27)
 o - a wand of polymorph (7)
 C - a wand of flame (13)
 Q - a wand of digging (6)
Scrolls
 l - 3 scrolls of immolation
 r - 3 scrolls of vulnerability
 u - 3 scrolls of poison
 v - a scroll of enchant armour
 z - a scroll of brand weapon
 J - a scroll of fog
 R - a scroll of fear {unknown}
Potions
 d - 3 potions of brilliance
 h - a potion of degeneration {unknown}
 i - 2 potions of might
 j - a potion of attraction
 m - a potion of cancellation
 n - a potion of resistance {unknown}
 s - a potion of berserk rage {unknown}
 w - a potion of heal wounds {unknown}
 x - 6 potions of curing {unknown}
 D - 2 potions of invisibility {unknown}
 G - a potion of magic {unknown}
 I - 2 potions of enlightenment {unknown}
 K - a potion of ambrosia {unknown}

Dungeon Overview and Level Annotations

Branches:
Dungeon (11/15)            Temple (1/1) D:6            Lair (0/5) D:10
Gauntlet (1/1)
    Orc: D:9-12

Altars:
Ashenzari
Cheibriados
Dithmenos
Elyvilon
Fedhas
Gozag
Hepliaklqana
Kikubaaqudgha
Makhleb
Nemelex Xobeh
Okawaru
Qazlal
Ru
Sif Muna
Trog
Uskayaw
Vehumet
Wu Jian
Xom
Yredelemnul
Zin
The Shining One

Shops:
D:2 *

Annotations:
D:5 4 runed translucent doors Gauntlet 6 transporters, 4 runed translucent doors

▓...▒▒≈.▒§▓§▓...▒
▒▒▒.⌠.▒≈≈.▒▓§§▒.▒.▒
..▒...▒▒≈.▒§§§▓.▓.▒
▓▓▓.▒.⌠.▒▒▒.▒▓▒▓§§▒.▒
..▓.▒...▒▒..▒..§§§▓.▒
░.▓.▒.⌠.▒...▒.▒▓▒▓..▒
░░░░░.▓.▒...▒.∩.▒.......▒
8.8░.▓.▒.©.▒...▒▒▒▒▒▒▒▒▒
...▓.@...▒.⌠.....▒....
░.▓H▒.©.▒...▒▒▒▒▒▒▒▒▒
░..R▒...▒.∩.▒}"▒....▒
░.▓.▒.⌠.▒...▒.?▒.▒▒.▒
...▓.▒...▒▒..▒▒▒+.▒▒.▒
▓▓▓▓▓.▒.⌠.▒▒▒.▒©.+...©▒
..▒...▒▒≈.▒▒▒+▒▒▒▒▒
▒▒▒.⌠.▒≈≈.▒..B....▒
▒▒≈.▒.......▒


You could see the friendly Marge Gunderson the knight and a minotaur (ally
target).


Message History

The minotaur hits you with a +7 quarterstaff!!
The minotaur gores you!
Marge Gunderson hits the minotaur but does no damage.
Aiming: Fastroot
Press: ? - help, Shift-Dir - straight line
Okay, then.
You feel very mighty all of a sudden.
The minotaur hits you with a +7 quarterstaff!!
* * * LOW HITPOINT WARNING * * *
The minotaur gores you but does no damage.
Marge Gunderson hits the minotaur with a +0 flail!
You shoot an arrow. The arrow hits the minotaur!
The minotaur is heavily wounded.
You block the minotaur's attack.
The minotaur gores you but does no damage.
You shoot an arrow. The arrow hits the minotaur!
The minotaur is heavily wounded.
Marge Gunderson hits the minotaur with a +0 flail.
The minotaur closely misses you.
The minotaur gores you but does no damage.
Use which ability? (? or * to list)
The minotaur hits you with a +7 quarterstaff!
* * * LOW HITPOINT WARNING * * *
The minotaur gores you but does no damage.
Marge Gunderson barely misses the minotaur.
The minotaur furiously retaliates!
The minotaur headbutts Marge Gunderson, but does no damage.
The minotaur attacks as you move away!
The minotaur hits you with a +7 quarterstaff!!
You die...

Skill      XL: |  1  2  3  4  5  6  7  8  9 10 11 |
---------------+----------------------------------+-----
Ranged Weapons | 5 6 7 8 10 13 15 | 15.9
Shields        | 2 3 4 5 |  5.7
Armour         | 7 10 | 10.4
Fighting       | |  2.1
Dodging        | |  1.7
Stealth        | |  1.2

Action                     |  1- 3 |  4- 6 |  7- 9 | 10-12 || total
---------------------------+-------+-------+-------+-------++-------
  Melee: Unarmed           |       |     6 |       |       ||     6
   Fire: Shortbow          |    84 |    97 |   213 |       ||   394
         Longbow           |       |       |    38 |   462 ||   500
 Invoke: Recall Ancestor   |       |       |       |     5 ||     5
         Ancestor Identity |       |       |       |     1 ||     1
         Ancestor Life: Kn |       |       |       |     1 ||     1
Ability: Dig               |       |       |     2 |       ||     2
    Use: Scroll            |     3 |     4 |     6 |     7 ||    20
         Potion            |       |       |       |     1 ||     1
 Armour: Leather armour    |     7 |     2 |     8 |       ||    17
         Skin              |       |     1 |       |       ||     1
         Acid dragon scale |       |       |     7 |       ||     7
         Ring mail         |       |       |     4 |    36 ||    40
         Scale mail        |       |       |       |    22 ||    22
  Dodge: Dodged            |    18 |    15 |    58 |   112 ||   203
  Block: Buckler           |     4 |     3 |    24 |    55 ||    86

Levels and vault maps discovered:
D:1:      dpeg_arrival_tiny_a, layout_basic, serial_shops, nicolae_square_shop
D:2:      minmay_recursive_quarters, layout_basic, serial_shops, shop,
          minivault_4, wad_floor_pattern_2
D:3:      layout_rooms, uniq_natasha
D:4:      layout_gridville, uniq_blork_the_orc, uniq_ijyb, uniq_menkaure
D:5:      layout_loops_ring, nicolae_overflow_crystal_walls, grunt_decor_cap,
          minmay_hollow_rounded_squares
D:6:      layout_basic, mainiacjoe_overflow_alcove_4,
          minmay_temple_entry_from_below_a, uniq_prince_ribbit1
D:7:      layout_rooms, tgw_sif, uniq_duvessa, uniq_maggie
D:8:      layout_cave_pools
D:9:      layout_rooms
D:10:     layout_gridville, fedhas_altar_1, lair_entry_dummy, item_on_display_a
D:11:     layout_big_octagon, gauntlet_entry_generic
Temple:   nicolae_temple_no_exploring_needed
Gauntlet: minmay_gauntlet_77_indecision
          [minmay_gauntlet_arena_77_tiled_triplets,
          minmay_gauntlet_arena_77_hold_the_fort,
          minmay_gauntlet_arena_77_mirror, minmay_gauntlet_arena_77_cramped,
          minmay_gauntlet_arena_77_run_for_it,
          minmay_gauntlet_arena_77_radiant_squares,
          dreamdust_gauntlet_exit_labyrinth]

Notes
Turn   | Place    | Note
-------+----------+-------------------------------------------
     0 | D:1      | Drazool the Formicid Hunter began the quest for the Orb.
     0 | D:1      | Reached XP level 1. HP: 16/16 MP: 1/1
   101 | D:1      | Found Uzoel's Book Shop.
   177 | D:1      | Reached XP level 2. HP: 22/22 MP: 2/2
   716 | D:2      | Reached XP level 3. HP: 26/27 MP: 3/3
   735 | D:2      | Found Alecis's General Store.
   944 | D:2      | Reached skill level 5 in Ranged Weapons
  1256 | D:2      | Reached XP level 4. HP: 33/33 MP: 4/4
  1383 | D:2      | Reached skill level 1 in Shields
  1814 | D:3      | Noticed Natasha
  1825 | D:3      | Killed Natasha
  1826 | D:3      | Reached skill level 2 in Shields
  1826 | D:3      | Reached XP level 5. HP: 27/38 MP: 5/5
  2013 | D:3      | Noticed Natasha
  2014 | D:3      | Killed Natasha
  2015 | D:3      | Reached skill level 6 in Ranged Weapons
  2034 | D:3      | Noticed Natasha
  2049 | D:3      | Killed Natasha
  2336 | D:4      | Noticed a phantom
  2356 | D:4      | Killed a phantom
  2357 | D:4      | Reached skill level 3 in Shields
  2357 | D:4      | Reached XP level 6. HP: 42/44 MP: 6/6
  2475 | D:4      | Noticed Ijyb
  2476 | D:4      | Killed Ijyb
  2494 | D:4      | Reached skill level 7 in Ranged Weapons
  2494 | D:4      | Reached skill level 4 in Shields
  2502 | D:4      | Reached XP level 7. HP: 50/50 MP: 7/7
  2503 | D:4      | Noticed a water moccasin
  2515 | D:4      | Killed a water moccasin
  2780 | D:4      | Noticed Menkaure
  2799 | D:4      | Killed Menkaure
  2800 | D:4      | Reached skill level 5 in Shields
  2871 | D:4      | Reached skill level 8 in Ranged Weapons
  2881 | D:4      | Got the Information on the Boggart
  2973 | D:4      | Reached XP level 8. HP: 42/56 MP: 8/8
  3174 | D:4      | Noticed Blork the orc
  3181 | D:4      | Killed Blork the orc
  3258 | D:5      | Entered Level 5 of the Dungeon
  3499 | D:5      | Found a broken altar of Ashenzari.
  3545 | D:5      | Found a large runed translucent door.
  3546 | D:5      | Found a large runed translucent door.
  3548 | D:5      | Found a large runed translucent door.
  3548 | D:5      | Found a large runed translucent door.
  3640 | D:5      | Reached skill level 9 in Ranged Weapons
  4163 | D:5      | Reached skill level 10 in Ranged Weapons
  4214 | D:5      | Reached XP level 9. HP: 56/61 MP: 9/9
  4331 | D:6      | Reached skill level 11 in Ranged Weapons
  4367 | D:6      | Found a snail-covered altar of Cheibriados.
  4449 | D:6      | Identified the +0 ring mail of Happy Babbling {rElec rC+
                  | Int+5 Stlth+}
  4604 | D:6      | Noticed Prince Ribbit
  4619 | D:6      | Killed Prince Ribbit
  4797 | D:6      | Reached skill level 12 in Ranged Weapons
  4972 | D:6      | Found a staircase to the Ecumenical Temple.
  5364 | D:7      | Identified a scroll of acquirement
  5364 | D:7      | Acquired a +0 longbow of draining
  5653 | D:7      | Noticed Dowan
  5662 | D:7      | Killed Dowan
  5677 | D:7      | Noticed Maggie
  5687 | D:7      | Killed Maggie
  5688 | D:7      | Reached skill level 13 in Ranged Weapons
  5688 | D:7      | Reached XP level 10. HP: 64/67 MP: 10/10
  5906 | D:7      | Noticed Duvessa
  5916 | D:7      | Killed Duvessa
  5917 | D:7      | Reached skill level 1 in Armour
  6126 | D:7      | Reached skill level 2 in Armour
  6133 | D:7      | Found a shimmering blue altar of Sif Muna.
  6242 | Temple   | Entered the Ecumenical Temple
  6249 | Temple   | Became a worshipper of Hepliaklqana the Forgotten
  6359 | D:8      | Reached skill level 3 in Armour
  6409 | D:8      | Identified the +6 scale mail of Kikubaaqudgha's Envy {rF++
                  | Str-5 Dex+5}
  6488 | D:8      | Reached skill level 4 in Armour
  6582 | D:8      | Reached skill level 5 in Armour
  6614 | D:8      | Reached skill level 6 in Armour
  6823 | D:8      | Reached * piety under Hepliaklqana
  6972 | D:9      | Reached skill level 7 in Armour
  7107 | D:9      | Reached XP level 11. HP: 49/64 MP: 9/11
  7211 | D:9      | Reached skill level 8 in Armour
  7411 | D:10     | Entered Level 10 of the Dungeon
  7534 | D:10     | Reached ** piety under Hepliaklqana
  7535 | D:10     | Remembered your ancestor Marge Gunderson as a knight
  7559 | D:10     | Identified the +1 scale mail of the Sun {rF++ rN++}
  7617 | D:10     | Reached skill level 9 in Armour
  7780 | D:10     | Found a blossoming altar of Fedhas.
  7797 | D:10     | Reached skill level 10 in Armour
  7807 | D:10     | Found a staircase to the Lair.
  7826 | D:10     | Noticed a cyclops
  7832 | D:10     | Killed a cyclops
  7929 | D:10     | Noticed a two-headed ogre
  7934 | D:10     | Killed a two-headed ogre
  8165 | D:11     | Reached skill level 14 in Ranged Weapons
  8235 | D:11     | Acquired 1158 gold pieces
  8260 | D:11     | Noticed a cyclops
  8266 | D:11     | Killed a cyclops
  8405 | D:11     | Reached skill level 15 in Ranged Weapons
  8693 | D:11     | Found a gate leading to a gauntlet.
  8702 | Gauntlet | Entered a Gauntlet
  8702 | Gauntlet | Found a transporter.
  8702 | Gauntlet | Found a transporter.
  8704 | Gauntlet | Noticed a worldbinder
  8711 | Gauntlet | Found a transporter.
  8714 | Gauntlet | Found a transporter.
  8722 | Gauntlet | Found a transporter.
  8726 | Gauntlet | Found a transporter.
  8728 | Gauntlet | Noticed an entropy weaver
  8732 | Gauntlet | Found a runed translucent gate.
  8732 | Gauntlet | Found a runed translucent gate.
  8732 | Gauntlet | Found a runed translucent gate.
  8734 | Gauntlet | Found a transporter.
  8749 | Gauntlet | Noticed a fire crab
  8754 | Gauntlet | Found a transporter.
  8765 | Gauntlet | Found a transporter.
  8769 | Gauntlet | Found a transporter.
  8771 | Gauntlet | Found a runed translucent door.
  8773 | Gauntlet | Found a runed translucent door.
  8777 | Gauntlet | Found a transporter.
  8781 | Gauntlet | Found a transporter.
  8842 | Gauntlet | Reached XP level 12. HP: 70/70 MP: 12/12
  9033 | Gauntlet | Killed a fire crab
  9096 | Gauntlet | Noticed a minotaur
  9103 | Gauntlet | HP: 2/70 [minotaur/+7 quarterstaff (14)]
  9104 | Gauntlet | Demolished by a minotaur

Vanquished Creatures
  A fire crab (Gauntlet)
  A cyclops (D:10)
  3 gargoyles
  Maggie (D:7)
  An unseen horror (D:11)
  A troll (D:11)
  Prince Ribbit (D:6)
  A hornet (D:8)
  A centaur simulacrum (Gauntlet)
  A slime creature (D:11)
  4 fire bats (Gauntlet)
  A vampire (D:11)
  3 yaks (D:10)
  2 wyverns (D:8)
  A shadow (Gauntlet)
  3 wraiths
  2 steam dragons
  Menkaure (D:4)
  2 acid dragons (D:5)
  Duvessa (D:7)
  A hell hound (Gauntlet)
  A water moccasin (D:4)
  2 orc warriors (D:10)
  6 black bears
  2 ice beasts
  2 sky beasts
  A phantom (D:4)
  4 kobold brigands
  3 bullfrogs
  Blork the orc (D:4)
  A gnoll sergeant (D:9)
  6 scorpions
  Dowan (D:7)
  10 killer bees
  6 howler monkeys
  5 orc priests
  5 hounds
  2 gnoll boudas
  An iguana (D:5)
  Ijyb (D:4)
  Natasha (thrice) (D:3)
  8 orc wizards
  3 sleepcaps
  A boggart simulacrum (Gauntlet)
  16 gnolls
  10 adders
  2 shadow imps
  4 white imps
  An ufetubus (D:6)
  3 worms (D:2)
  31 orcs
  8 ball pythons
  5 bats
  9 endoplasms
  7 giant cockroaches
  6 goblins
  4 hobgoblins
  7 quokkas
  5 frilled lizards
  21 kobolds
  6 rats
253 creatures vanquished.

Vanquished Creatures (collateral kills)
  A two-headed ogre (D:10)
  A cyclops (D:11)
  A troll (D:9)
  2 slime creatures (D:11)
  A centaur simulacrum (Gauntlet)
  2 shadows (Gauntlet)
  A yak (D:10)
  A basilisk (D:11)
  A kobold brigand (D:9)
  A cane toad simulacrum (Gauntlet)
  2 killer bees (D:9)
  2 howler monkeys
  An orc priest (D:11)
  2 orc wizards
  4 orcs
  5 kobolds
28 creatures vanquished.

Vanquished Creatures (others)
  2 ancestors (D:9)
  3 knights
5 creatures vanquished.

Grand Total: 286 creatures vanquished

Table legend: (Time is in decaauts)
 A = Elapsed time spent in this place.
 B = Non-inter-level travel time spent in this place.
 C = Inter-level travel time spent in this place.
 D = Time resting spent in this place.
 E = Time spent auto-exploring this place.
 F = Levels seen in this place.
 G = Mean time per level.
                   A        B        C        D        E       F      G
               +--------+--------+--------+--------+--------+-----+--------+
         Total |   9216 |   8711 |    505 |    743 |   5794 |  13 |  708.9 |
       Dungeon |   8793 |   8288 |    505 |    629 |   5720 |  11 |  799.4 |
        Temple |     14 |     14 |      0 |      0 |      0 |   1 |   14.0 |
      Gauntlet |    408 |    408 |      0 |    114 |     74 |   1 |  408.0 |
               +--------+--------+--------+--------+--------+-----+--------+

Top non-repeatable levels by time:
     D:6: 1158 daAuts
     D:5: 1036 daAuts
     D:4: 974 daAuts
     D:2: 948 daAuts
     D:7: 871 daAuts
    D:10: 810 daAuts
     D:3: 716 daAuts
     D:1: 662 daAuts
     D:8: 591 daAuts
     D:9: 521 daAuts
    D:11: 501 daAuts
Gauntlet: 408 daAuts
  Temple: 14 daAuts

Table legend:
 A = Non-vault XP
 B = Vault XP
 C = Vault XP percentage of total XP
 D = Non-vault monster count
 E = Vault monster count
 F = Vault count percentage of total count
                 A         B        C        D         E       F
            +---------+---------+-------+---------+---------+-------
      Total |   13448 |    4848 |  26.5 |     244 |      37 |  13.2
            +---------+---------+-------+---------+---------+-------
        D:1 |      28 |       0 |   0.0 |      16 |       0 |   0.0
        D:2 |      69 |      26 |  27.4 |      24 |       7 |  22.6
        D:3 |      84 |      36 |  30.0 |      10 |       1 |   9.1
        D:4 |     615 |     298 |  32.6 |      14 |       3 |  17.6
        D:5 |     373 |     677 |  64.5 |       8 |       8 |  50.0
        D:6 |     820 |     274 |  25.0 |      28 |       1 |   3.4
        D:7 |    1075 |     629 |  36.9 |      26 |       4 |  13.3
        D:8 |    1832 |       0 |   0.0 |      27 |       0 |   0.0
        D:9 |    1327 |       0 |   0.0 |      29 |       0 |   0.0
       D:10 |    3291 |       0 |   0.0 |      30 |       0 |   0.0
       D:11 |    3934 |       0 |   0.0 |      32 |       0 |   0.0
   Gauntlet |       0 |    2908 | 100.0 |       0 |      13 | 100.0
            +---------+---------+-------+---------+---------+-------
